 Dungeon Crawl Stone Soup version 0.19.0-19-g8c6edcc (webtiles) character file.

21088 Leszczynek the Severer (level 12, -3/159 HPs)
             Began as a Minotaur Fighter on Nov 14, 2016.
             Was a High Priest of Okawaru.
             Killed from afar by a lich (31 damage)
             ... with a bolt of fire
             ... on level 1 of the Abyss.
             The game lasted 00:17:54 (11975 turns).

Leszczynek the Severer (Minotaur Fighter)          Turns: 11975, Time: 00:17:55

Health: -3/159     AC: 26    Str: 22    XL:     12   Next: 51%
Magic:  12/15      EV:  2    Int:  5    God:    Okawaru [*****.]
Gold:   524        SH: 15    Dex: 14    Spells: 0 memorised, 11 levels left

rFire  + . .     SeeInvis +     P - +2 broad axe
rCold  + . .     Gourm    .     (armour currently unavailable)
rNeg   + + +     Faith    .     A - +2 shield
rPois  +         Spirit   .     (helmet currently unavailable)
rElec  +         Reflect  .     (cloak currently unavailable)
rCorr  +         Harm     .     (gloves currently unavailable)
MR     .....     NoTele   +     (boots currently unavailable)
Stlth  +.........               (no amulet)
                                m - ring of see invisible
                                r - +3 ring of evasion

@: tree-form, resistant, finesse
A: (retaliatory headbutt), (horns 0), low mp 1
a: Heroism, Finesse, Renounce Religion


You were on level 1 of the Abyss.
You worshipped Okawaru.
Okawaru was extremely pleased with you.
You were not hungry.
You were a tree.
You visited 2 branches of the dungeon, and saw 13 of its levels.
You visited the Abyss 1 time.

You collected 769 gold pieces.
You spent 245 gold pieces at shops.

Inventory:

Hand Weapons
 C - a +1 war axe
 P - a +2 broad axe (weapon)
Missiles
 q - 5 throwing nets (quivered)
Armour
 o - a +0 pair of gloves (melded)
 A - a +2 shield (worn)
 H - a +0 pair of boots (melded)
 I - a +0 plate armour (melded)
Jewellery
 m - a ring of see invisible (right branch)
 r - a +3 ring of evasion (left branch)
Wands
 u - a wand of flame (38/48)
 w - a wand of disintegration (8/24)
 y - a wand of polymorph (4/24)
 z - a wand of digging (9/24)
 B - a wand of slowing (28/48)
 E - a wand of acid (13/15)
 K - a wand of disintegration (11/24)
 O - a wand of lightning (8/15)
Scrolls
 b - a scroll of enchant weapon
 i - 2 scrolls of enchant armour
 j - 6 scrolls of teleportation
 n - 5 scrolls of remove curse
 v - 2 scrolls of blinking
 G - a scroll of fear
 L - a scroll of magic mapping
Potions
 a - a potion of cancellation
 c - 2 potions of curing
 e - 4 potions of flight
 f - 3 potions of might
 l - a potion of invisibility
 t - 3 potions of brilliance
 J - 2 potions of haste
Comestibles
 d - 15 bread rations
 h - 10 beef jerkies
 k - 4 fruits
 p - 6 meat rations


   Skills:
 + Level 9.7 Fighting
 * Level 16.4 Axes
 - Level 5.3 Armour
 + Level 12.3 Shields
 - Level 8.1 Invocations


You had 11 spell levels left.
You didn't know any spells.

Dungeon Overview and Level Annotations

Branches:
Dungeon (12/15)            Temple (0/1) D:5            Lair (0/6) D:9
    Orc (1/2) D:9

Altars:
Ashenzari
Dithmenos
Elyvilon
Hepliaklqana
Kikubaaqudgha
Makhleb
Nemelex Xobeh
Okawaru
Ru
Trog
Uskayaw
Yredelemnul
The Shining One

Shops:
D:5 ?

Portals:
Trove: D:10 (give +3 ice dragon scales)

Annotations:
D:6 Chiseanne's ghost, novice MiBe
D:11 DEFE's ghost, journeyman HOFi
D:12 Sonja
Orc:1 Thomus's ghost, journeyman HOGl


Innate Abilities, Weirdness & Mutations

((You reflexively headbutt those who attack you in melee.))
((You have a pair of horns on your head.))
[Your magical capacity is low. (-10% MP)]


Message History

t - 3 potions of brilliance (gained 1)
You feel like a meek peon again.
A lich comes into view.
The lich shouts!
The lich casts a spell at you. The bolt of fire hits you!
Ouch! That really hurt!
* * * LOW HITPOINT WARNING * * *
Unknown command.
You feel protected.
The lich gestures at you while chanting.
You barely resist.
You turn into a tree.
Your +0 pair of gloves melds into your body.
Your +0 pair of boots melds into your body.
Your +0 plate armour melds into your body.
Your roots penetrate the ground.
The lich points at you and mumbles some strange words.
The bolt of fire hits you! You resist.
You die...

. .... ....).
#............
########... . ....#
#.. .. #....# #.....
#....# #....# ##
#....# #.. .#
#...######....###....
#...♣.L.............
#.#############....#
# ##.# #.


You could see a lich.

Vanquished Creatures
  Erolcha (D:11)
  A wretched star (Abyss:1)
  2 unseen horrors
  3 hill giants
  A deep elf mage (D:10)
  An ugly thing (D:11)
  2 cyclopes
  A centaur zombie (D:12)
  2 smoke demons (Abyss:1)
  Psyche (D:9)
  A gargoyle (D:11)
  A ghost moth simulacrum (Abyss:1)
  3 hellwings (Abyss:1)
  4 trolls (D:9)
  A hornet (D:9)
  6 hippogriffs
  3 raiju (Abyss:1)
  2 two-headed ogres
  20 yaks
  A wyvern (D:11)
  5 golden eyes (Abyss:1)
  Duvessa (D:6)
  A small abomination (Abyss:1)
  7 orc warriors
  2 phantoms
  2 sky beasts (D:5)
  5 ice beasts
  A necrophage (D:7)
  9 ogres
  9 centaurs
  2 crocodiles
  10 bullfrogs
  Dowan (D:6)
  A wyvern zombie (D:10)
  A wyvern skeleton (D:12)
  5 scorpions
  A water moccasin skeleton (D:9)
  3 killer bees (D:9)
  9 wights (D:7)
  3 vampire bats (D:4)
  4 howler monkeys
  4 crimson imps
  18 orc priests
  2 jellies
  4 hounds
  A bullfrog zombie (D:7)
  A bullfrog skeleton (D:6)
  9 orc wizards
  A centaur skeleton (D:11)
  4 iguanas
  A hell rat (D:9)
  6 worker ants
  3 howler monkey skeletons
  12 adders
  3 shadow imps
  An adder skeleton (D:9)
  2 worms (D:2)
  2 dart slugs (D:1)
  3 leopard geckos
  44 orcs
  A ball python (D:7)
  A bat skeleton (D:4)
  5 bat zombies (D:4)
  8 giant cockroaches
  16 goblins
  9 hobgoblins
  16 jackals
  7 quokkas
  4 bats
  2 frilled lizards
  7 kobolds
  A quokka zombie (D:9)
  3 rats (D:1)
340 creatures vanquished.

Vanquished Creatures (others)
  A leopard gecko (D:8)
1 creature vanquished.

Grand Total: 341 creatures vanquished

Notes
Turn   | Place    | Note
-------+----------+-------------------------------------------
     0 | D:1      | Leszczynek the Minotaur Fighter began the quest for the Orb.
     0 | D:1      | Reached XP level 1. HP: 19/19 MP: 0/0
   101 | D:1      | Reached XP level 2. HP: 27/27 MP: 1/1
   163 | D:1      | Reached skill level 3 in Axes
   174 | D:1      | Reached skill level 4 in Shields
   328 | D:2      | Reached XP level 3. HP: 18/33 MP: 2/2
   331 | D:2      | Reached skill level 4 in Fighting
   677 | D:2      | Found a hazy altar of Hepliaklqana.
   967 | D:2      | Reached XP level 4. HP: 40/40 MP: 3/3
  1150 | D:3      | Reached skill level 4 in Axes
  1438 | D:3      | Reached skill level 4 in Armour
  1497 | D:3      | Found an iron altar of Okawaru.
  1507 | D:3      | Became a worshipper of Warmaster Okawaru
  1791 | D:3      | Reached XP level 5. HP: 47/47 MP: 4/4
  2042 | D:4      | Found a basalt altar of Yredelemnul.
  2346 | D:4      | Found an ancient bone altar of Kikubaaqudgha.
  2349 | D:4      | Reached skill level 5 in Shields
  2358 | D:4      | Reached skill level 5 in Axes
  2360 | D:4      | Reached XP level 6. HP: 55/55 MP: 5/5
  2527 | D:4      | Reached skill level 5 in Fighting
  2529 | D:5      | Entered Level 5 of the Dungeon
  2541 | D:5      | Found Gismiyse's Magic Scroll Shop.
  2546 | D:5      | Bought a scroll of identify for 28 gold pieces
  2546 | D:5      | Bought a scroll of fear for 49 gold pieces
  2546 | D:5      | Bought a scroll of identify for 28 gold pieces
  2546 | D:5      | Bought a scroll of identify for 28 gold pieces
  2546 | D:5      | Bought a scroll of identify for 28 gold pieces
  2546 | D:5      | Bought 3 scrolls of identify for 84 gold pieces
  2571 | D:5      | Noticed an ice beast
  2575 | D:5      | Reached * piety under Okawaru
  2595 | D:5      | Killed an ice beast
  2595 | D:5      | Reached skill level 6 in Axes
  2595 | D:5      | Reached skill level 5 in Armour
  2643 | D:5      | Found a staircase to the Ecumenical Temple.
  2764 | D:5      | Noticed a sky beast
  2784 | D:5      | Killed a sky beast
  2784 | D:5      | Reached XP level 7. HP: 49/61 MP: 6/6
  3169 | D:5      | Reached skill level 7 in Axes
  3169 | D:5      | Reached skill level 6 in Shields
  3221 | D:5      | Found a sparkling altar of Nemelex Xobeh.
  3361 | D:5      | Found a shadowy altar of Dithmenos.
  3782 | D:6      | Reached skill level 8 in Axes
  3782 | D:6      | Reached XP level 8. HP: 69/69 MP: 7/7
  3788 | D:6      | Noticed Duvessa
  3789 | D:6      | Noticed Dowan
  3797 | D:6      | Killed Duvessa
  3797 | D:6      | Reached ** piety under Okawaru
  3803 | D:6      | Killed Dowan
  3852 | D:6      | Reached skill level 7 in Shields
  3869 | D:6      | Reached skill level 9 in Axes
  3897 | D:6      | HP: 5/69 [scorpion (7)]
  4578 | D:6      | Noticed Chiseanne's ghost (novice MiBe)
  4922 | D:7      | Found a glowing golden altar of the Shining One.
  4939 | D:7      | Reached skill level 10 in Axes
  4950 | D:7      | Reached skill level 8 in Shields
  5221 | D:7      | Found a burning altar of Makhleb.
  5231 | D:7      | Reached XP level 9. HP: 74/74 MP: 8/8
  5232 | D:7      | Reached *** piety under Okawaru
  5249 | D:7      | Found a white marble altar of Elyvilon.
  5257 | D:7      | Found a hide-covered altar of Uskayaw.
  5281 | D:7      | Reached skill level 11 in Axes
  5282 | D:7      | Found a bloodstained altar of Trog.
  5482 | D:7      | Reached skill level 9 in Shields
  5499 | D:7      | Found a shattered altar of Ashenzari.
  5788 | D:7      | Found a sacrificial altar of Ru.
  5871 | D:7      | Reached skill level 12 in Axes
  6022 | D:8      | Reached **** piety under Okawaru
  6266 | D:8      | Reached skill level 1 in Invocations
  6302 | D:8      | Reached skill level 2 in Invocations
  6302 | D:8      | Reached XP level 10. HP: 70/82 MP: 8/10
  6489 | D:9      | Reached skill level 3 in Invocations
  6842 | D:9      | Reached skill level 4 in Invocations
  6856 | D:9      | Reached ***** piety under Okawaru
  6856 | D:9      | Reached skill level 5 in Invocations
  6896 | D:9      | Found a staircase to the Orcish Mines.
  6923 | D:9      | Reached skill level 6 in Invocations
  7231 | D:9      | Found a staircase to the Lair.
  7251 | D:9      | Reached skill level 7 in Invocations
  7425 | D:9      | Reached skill level 8 in Invocations
  7937 | D:9      | Reached skill level 10 in Shields
  7960 | D:9      | Found a sparkling altar of Nemelex Xobeh.
  8207 | D:9      | Noticed Psyche
  8211 | D:9      | Paralysed by Psyche for 3 turns
  8219 | D:9      | Killed Psyche
  8219 | D:9      | Reached skill level 13 in Axes
  8339 | D:10     | Entered Level 10 of the Dungeon
  8345 | D:10     | Reached skill level 6 in Fighting
  8358 | D:10     | Reached XP level 11. HP: 31/90 MP: 16/16
  8746 | D:10     | Noticed a deep elf mage
  8757 | D:10     | Killed a deep elf mage
  8775 | D:10     | Noticed a hill giant
  8784 | D:10     | Killed a hill giant
  8946 | D:10     | Found a white marble altar of Elyvilon.
  9079 | D:10     | Found a portal to a secret trove of treasure.
  9327 | D:10     | Reached skill level 7 in Fighting
  9356 | D:11     | Reached skill level 14 in Axes
  9362 | D:11     | Reached ****** piety under Okawaru
  9680 | D:11     | Received a gift from Okawaru
  9683 | D:11     | Got a polished chain mail {god gift}
  9694 | D:11     | Identified the +0 chain mail of Siyhan {+Fly Int+2} (Okawaru gifted it to you on level 11 of the Dungeon)
  9709 | D:11     | Noticed a brown ugly thing
  9738 | D:11     | Killed a brown ugly thing
  9738 | D:11     | Reached skill level 11 in Shields
  9953 | Orc:1    | Entered Level 1 of the Orcish Mines
 10062 | Orc:1    | Noticed Thomus's ghost (journeyman HOGl)
 10278 | D:11     | Noticed Erolcha
 10293 | D:11     | Killed Erolcha
 10293 | D:11     | Reached skill level 8 in Fighting
 10295 | D:11     | Reached skill level 15 in Axes
 10747 | D:11     | Noticed DEFE's ghost (journeyman HOFi)
 10831 | D:11     | Noticed a hill giant
 10840 | D:11     | Killed a hill giant
 10927 | D:11     | Noticed an unseen horror
 10944 | D:11     | Killed an unseen horror
 11059 | D:11     | Reached XP level 12. HP: 89/103 MP: 17/17
 11276 | D:12     | Reached skill level 9 in Fighting
 11595 | D:12     | Noticed Sonja
 11609 | D:12     | Cast into level 1 of the Abyss (Sonja)
 11676 | Abyss:1  | Reached skill level 16 in Axes
 11676 | Abyss:1  | Reached skill level 12 in Shields
 11702 | Abyss:1  | Noticed a green very ugly thing
 11702 | Abyss:1  | Noticed a green very ugly thing
 11703 | Abyss:1  | Noticed a green very ugly thing
 11737 | Abyss:1  | Got a coiled bone amulet
 11742 | Abyss:1  | Found a corrupted altar of Lugonu.
 11743 | Abyss:1  | Identified the amulet of the Endless Expanse {Inacc +Inv} (You found it on level 1 of the Abyss)
 11872 | Abyss:1  | Found a corrupted altar of Lugonu.
 11945 | Abyss:1  | Received a gift from Okawaru
 11967 | Abyss:1  | Noticed a lich
 11975 | Abyss:1  | Killed from afar by a lich

Skill      XL: |  1  2  3  4  5  6  7  8  9 10 11 12 |
---------------+-------------------------------------+-----
Axes           | 3 4 5 6 8 10 12 13 15 16 | 16.4
Shields        | 4 5 6 8 9 10 11 12 | 12.3
Fighting       | 4 5 6 8 9 |  9.7
Armour         | 4 5 |  5.3
Invocations    | 2 8 |  8.1

Action                   |  1- 3 |  4- 6 |  7- 9 | 10-12 || total
-------------------------+-------+-------+-------+-------++-------
Melee: War axe           |    91 |   108 |   228 |   512 ||   939
       Headbutt          |    14 |    16 |    49 |   123 ||   202
       Broad axe         |       |       |    49 |    64 ||   113
Invok: Heroism           |       |       |     3 |    13 ||    16
       Finesse           |       |       |       |     4 ||     4
Evoke: Wand              |       |       |       |     3 ||     3
  Use: Scroll            |       |    12 |     7 |    12 ||    31
       Potion            |       |     1 |     2 |    11 ||    14
 Stab: Distracted        |       |       |       |     1 ||     1
  Eat: Chunk             |       |     5 |    12 |    17 ||    34
       Fruit             |       |       |     1 |       ||     1
       Royal jelly       |       |       |       |     1 ||     1
Armor: Scale mail        |    38 |    52 |    83 |       ||   173
       Plate armour      |       |       |     3 |   181 ||   184
Dodge: Dodged            |    26 |    58 |   100 |   141 ||   325
Block: Shield            |    47 |    79 |   191 |   365 ||   682
